Map: Misty Swamp

Players

Hazard - Winner!

  • Race: Protoss Protoss
  • Spawn Location: 12:00

Tiger - Winner!

  • Race: Zerg Zerg
  • Spawn Location: 3:00

UFShondanji - Winner!

  • Race: Terran Terran
  • Spawn Location: 3:00

Metasapien

  • Race: Zerg Zerg
  • Spawn Location: 12:00

Kaleraideth

  • Race: Protoss Protoss
  • Spawn Location: 9:00

TossedSalad

  • Race: Protoss Protoss
  • Spawn Location: 9:00

VOD

Have the link to the VOD?

Description

Time

  • Played on: Aug. 20, 2017, 2:32 p.m.
  • Length: 19:55
Show
View Real Time Build Order
Export as new Build Order

Hazard Protoss - Winner!

Build Orders:  

Get SALT Encoding   

  12  0:04  Probe (Chrono Boost)  
  13  0:14  Probe (Chrono Boost)  
  14  0:22  Pylon  
  14  0:29  Probe (Chrono Boost)  
  15  0:43  Gateway  
  15  0:45  Probe (Chrono Boost)  
  16  0:53  Forge  
  16  0:59  Probe (Chrono Boost)  
  17  1:06  Assimilator  
  17  1:10  Assimilator, Probe (Chrono Boost)  
  18  1:28  Pylon  
  18  1:29  Probe (Chrono Boost)  
  19  1:39  Photon Cannon, Probe (Chrono Boost)  
  20  1:49  Cybernetics Core  
  20  1:50  Probe (Chrono Boost)  
  21  1:57  Photon Cannon  
  22  2:01  Probe (Chrono Boost)  
  22  2:04  Photon Cannon  
  22  2:12  Probe (Chrono Boost)  
  23  2:22  Probe (Chrono Boost)  
  24  2:26  Photon Cannon  
  24  2:30  Warp Gate (Chrono Boost)  
  24  2:40  Mothership Core  
  26  2:49  Stalker  
  28  3:20  Nexus  
  28  3:29  Stalker  
  30  3:36  Pylon  
  30  3:37  Pylon  
  30  3:44  Pylon  
  30  3:46  Pylon  
  30  3:55  Pylon  
  30  3:57  Pylon  
  30  4:02  Pylon  
  30  4:12  Gateway  
  30  4:26  Gateway  
  30  4:37  Probe  
  30  4:41  Twilight Council  
  31  4:48  Probe  
  31  4:51  Probe  
  33  4:59  Probe  
  33  5:03  Probe  
  35  5:09  Probe  
  36  5:15  Probe  
  36  5:20  Probe  
  37  5:28  Assimilator, Probe  
  39  5:30  Probe  
  39  5:33  Assimilator  
  40  5:37  Photon Cannon  
  40  5:40  Probe  
  40  5:41  Photon Cannon, Probe  
  42  5:45  Photon Cannon  
  42  5:47  Stalker  
  44  5:52  Blink (Chrono Boost)  
  44  6:05  Protoss Ground Weapons Level 1  
  44  6:06  Probe  
  44  6:09  Probe  
  46  6:16  Probe  
  47  6:21  Probe  
  47  6:25  Stalker x3  
  54  6:27  Probe  
  55  6:37  Probe  
  56  6:44  Forge  
  56  6:50  Gateway  
  56  6:51  Gateway  
  56  6:52  Gateway  
  56  7:04  Gateway  
  56  7:06  Gateway  
  56  7:09  Gateway  
  56  7:24  Gateway  
  56  7:25  Gateway  
  56  7:33  Protoss Shields Level 1 (Chrono Boost)  
  56  7:37  Pylon  
  56  7:39  Pylon  
  56  7:42  Probe  
  57  7:53  Probe  
  58  8:00  Protoss Ground Weapons Level 2 (Chrono Boost)  
  58  8:24  Stalker x4  
  58  8:25  Stalker x6  
  78  8:38  Robotics Facility  
  78  8:39  Robotics Facility  
  78  9:05  Stalker x2  
  78  9:06  Stalker x6  
  94  9:11  Stalker  
  94  9:16  Stalker  
  98  9:22  Charge  
  98  9:28  Observer x2  
  100  9:37  Stargate  
  100  9:41  Pylon  
  100  9:43  Pylon  
  100  9:44  Pylon  
  100  9:50  Protoss Ground Armor Level 1 (Chrono Boost)  
  100  10:27  Nexus  
  100  10:34  Assimilator  
  100  10:38  Assimilator  
  100  10:40  Pylon  
  100  10:42  Pylon  
  100  10:46  Stalker, Pylon  
  100  10:47  Stalker x4  
  100  10:49  Stalker  
  46  12:19  Probe  
  47  12:29  Probe  
  48  12:40  Probe  
  49  12:50  Probe  
  49  12:53  Pylon  
  50  13:01  Probe  
  51  13:09  Gateway  
  51  13:11  Gateway  
  51  13:14  Protoss Ground Weapons Level 3 (Chrono Boost), Protoss Ground Armor Level 2 (Chrono Boost)  
  51  13:15  Gateway  
  51  13:20  Zealot x3  
  51  13:21  Zealot x7  
  71  13:35  Pylon  
  71  13:53  Zealot x4  
  71  13:54  Zealot x5  
  71  13:55  Zealot  
  91  14:13  Zealot  
  91  14:14  Zealot x5  
  91  14:15  Zealot x4  
  51  14:56  Immortal (Chrono Boost)  
  51  14:57  Immortal (Chrono Boost)  
  59  15:22  Zealot x4  
  59  15:23  Zealot x4  
  75  15:32  Immortal x2 (Chrono Boost)  
  83  15:48  Zealot x2  
  83  15:49  Zealot x6  
  99  15:50  Zealot  
  99  16:06  Immortal x2 (Chrono Boost)  
  97  16:38  Zealot x5  
  97  16:39  Zealot x6  
  121  16:40  Zealot x2, Immortal (Chrono Boost)  
  121  16:41  Immortal (Chrono Boost)  
  99  17:15  Immortal x2 (Chrono Boost)  
  103  17:19  Zealot x2  
  103  17:20  Zealot x7  
  103  17:21  Zealot x4  
  123  18:10  Zealot  
  123  18:11  Zealot x7  
Show
View Real Time Build Order
Export as new Build Order

Tiger Zerg - Winner!

Build Orders: Pool First, Lurkers 

Get SALT Encoding   

  12  0:21  Drone  
  12  0:22  Drone  
  14  0:30  Spawning Pool  
  13  0:37  Overlord  
  13  0:46  Drone  
  14  1:10  Drone  
  15  1:12  Drone x2  
  17  1:20  Extractor x2  
  15  1:41  Drone x2  
  15  1:45  Drone  
  18  1:49  Queen  
  20  2:10  Drone  
  20  2:11  Drone  
  20  2:13  Hatchery  
  21  2:18  Drone  
  22  2:26  Evolution Chamber  
  22  2:28  Evolution Chamber  
  20  2:32  Lair  
  20  2:51  Drone x2  
  20  2:52  Overlord  
  22  3:17  Drone x3  
  25  3:31  Hydralisk Den  
  24  3:34  Zerg Missile Weapons Level 1, Zerg Ground Armor Level 1  
  24  3:39  Drone x2  
  26  4:06  Drone x5  
  26  4:07  Drone  
  32  4:12  Muscular Augments  
  32  4:16  Hydralisk  
  34  4:20  Hydralisk  
  36  5:06  Overlord x4  
  36  5:23  Hydralisk x2  
  36  5:24  Hydralisk x5  
  54  5:33  Lurker Den  
  50  5:56  Drone  
  51  5:57  Drone x4  
  51  6:03  Extractor  
  51  6:04  Extractor  
  53  6:25  Drone x3  
  56  6:26  Drone x3  
  59  6:39  Zerg Missile Weapons Level 2, Zerg Ground Armor Level 2  
  59  6:50  Hatchery  
  58  6:57  Spore Crawler  
  58  6:59  Lurker  
  58  7:04  Lurker  
  59  7:34  Drone x9  
  59  7:36  Overlord  
  68  7:37  Overlord x2  
  68  7:54  Queen x2, Lurker  
  68  7:55  Lurker x4  
  77  7:58  Hydralisk x2  
  77  8:03  Hydralisk  
  83  8:08  Extractor  
  83  8:10  Extractor, Drone  
  83  8:11  Drone x4  
  86  8:26  Infestation Pit  
  85  8:47  Hydralisk  
  85  8:48  Hydralisk x5  
  97  8:57  Overlord  
  97  8:58  Overlord x6  
  97  9:09  Hive  
  97  9:34  Hydralisk  
  97  9:35  Hydralisk x8  
  115  10:05  Hydralisk  
  115  10:06  Hydralisk x6  
  129  10:09  Drone x3  
  129  10:10  Drone  
  133  10:19  Lurker  
  134  10:29  Overlord x6  
  134  10:48  Pneumatized Carapace  
  134  10:53  Burrow  
  115  11:39  Hydralisk  
  96  11:40  Hydralisk x9  
  96  12:03  Hydralisk  
  96  12:04  Hydralisk x5  
  94  12:29  Hydralisk  
  94  12:32  Zerg Ground Armor Level 3  
  94  12:33  Zerg Missile Weapons Level 3  
  94  12:35  Hydralisk x2  
  83  12:51  Lurker x3  
  83  12:52  Lurker x4  
  89  13:03  Lurker x2  
  85  13:50  Hydralisk x9  
  94  14:34  Extractor  
  94  14:35  Hatchery  
  86  14:39  Extractor  
  79  15:02  Overlord x3  
  79  15:07  Overseer x5  
  79  15:08  Overseer x2  
  73  15:40  Hydralisk x3  
  73  15:41  Hydralisk x9  
  85  15:57  Queen  
  85  16:14  Hydralisk  
  85  16:15  Hydralisk x2  
  85  16:16  Hydralisk x8  
  85  16:17  Hydralisk x3  
  113  16:39  Lurker x5  
  120  16:40  Lurker x5  
  120  16:44  Hydralisk  
  120  16:45  Hydralisk  
  114  17:25  Hydralisk  
  114  17:26  Hydralisk x12  
  114  17:28  Hydralisk  
  142  17:36  Drone x3  
  142  18:00  Overlord x7  
  130  18:46  Hydralisk  
  130  18:47  Hydralisk x22  
Show
View Real Time Build Order
Export as new Build Order

UFShondanji Terran - Winner!

Build Orders:  

Get SALT Encoding   

  12  0:04  SCV  
  13  0:16  SCV  
  14  0:24  Supply Depot  
  14  0:53  Supply Depot, Barracks  
  14  0:59  Barracks  
  14  1:01  SCV  
  15  1:13  SCV  
  16  1:21  Supply Depot  
  16  1:25  SCV  
  17  1:37  SCV  
  18  1:40  Marine  
  19  1:50  SCV  
  19  1:51  Marine  
  21  1:58  Marine  
  22  2:02  SCV  
  23  2:09  Marine  
  24  2:27  Refinery  
  24  2:29  Command Center  
  24  2:37  Orbital Command  
  24  2:42  Refinery  
  24  2:44  Engineering Bay  
  24  3:09  Supply Depot  
  24  3:11  Marine  
  25  3:18  Barracks  
  25  3:21  Missile Turret  
  25  3:25  SCV  
  26  3:35  Supply Depot  
  26  3:37  SCV  
  26  3:40  Marine x2  
  29  3:44  SCV  
  30  3:49  SCV  
  31  3:56  SCV  
  31  4:00  Factory  
  31  4:01  SCV  
  33  4:04  Barracks Tech Lab  
  33  4:08  SCV  
  34  4:10  Supply Depot  
  34  4:14  SCV  
  35  4:20  SCV  
  36  4:26  SCV  
  36  4:27  Marine  
  38  4:32  SCV  
  38  4:38  SCV  
  40  4:39  Command Center  
  40  4:43  Factory Tech Lab  
  40  4:44  SCV  
  41  4:50  SCV  
  42  4:53  Marine x2  
  42  4:56  Marine  
  45  5:01  Factory  
  45  5:06  SCV x2  
  47  5:11  Marine  
  48  5:17  Refinery  
  48  5:18  SCV x2  
  48  5:19  Refinery  
  50  5:30  SCV x2  
  50  5:33  Barracks  
  52  5:52  Armory  
  52  5:57  Engineering Bay  
  52  6:02  Supply Depot  
  52  6:03  SCV x2  
  52  6:04  SCV  
  55  6:15  Marine, SCV x2  
  55  6:16  Siege Tank, SCV  
  55  6:18  Factory Tech Lab  
  62  6:21  Barracks  
  62  6:24  Supply Depot  
  62  6:25  Supply Depot  
  62  6:27  SCV  
  62  6:28  SCV  
  64  6:37  Siege Tank  
  64  6:39  Terran Infantry Weapons Level 1  
  67  6:43  SCV x2  
  67  6:46  Supply Depot  
  70  6:47  Supply Depot, Refinery x2  
  70  6:48  Orbital Command  
  69  6:54  Siege Tank  
  69  6:55  SCV x2  
  74  7:04  Terran Infantry Armor Level 1  
  74  7:05  Marine  
  74  7:06  Marine x2  
  74  7:07  SCV x2  
  79  7:09  Supply Depot  
  79  7:10  Supply Depot  
  79  7:14  Barracks Tech Lab  
  79  7:15  Marine  
  80  7:23  Marine x3, Terran Vehicle Weapons Level 1  
  83  7:30  Siege Tank  
  83  7:32  Marine  
  83  7:33  Starport, Supply Depot  
  87  7:41  Marine x3  
  87  7:44  Marine  
  91  7:49  Siege Tank  
  91  7:50  Marine  
  95  7:55  Stimpack  
  95  7:59  Marine x3  
  95  8:01  Command Center  
  98  8:09  Barracks Tech Lab  
  98  8:12  Starport  
  98  8:13  Barracks  
  98  8:14  Marine  
  98  8:17  Marine, Marauder  
  102  8:21  Starport Reactor  
  102  8:24  Siege Tank  
  105  8:37  Marine x2, Marauder  
  105  8:38  Terran Infantry Weapons Level 2, Marauder  
  111  8:43  Supply Depot  
  111  8:46  Marine  
  112  8:52  Starport Tech Lab  
  112  8:55  Marine  
  113  8:59  Marauder  
  115  9:03  Terran Infantry Armor Level 2  
  115  9:07  Marine x2, Supply Depot  
  115  9:08  Marauder  
  119  9:11  Supply Depot  
  119  9:12  Marine  
  120  9:20  Marauder  
  122  9:27  Terran Vehicle And Ship Armor Level 1  
  122  9:30  Marine x3  
  122  9:31  Marauder  
  127  9:32  Armory, Medivac x2  
  127  9:33  Viking, Supply Depot  
  133  9:42  Marauder  
  135  9:49  Orbital Command, Marauder  
  135  9:51  Supply Depot  
  137  9:55  Combat Shields  
  137  9:56  Supply Depot  
  137  10:02  Medivac  
  137  10:04  Marine, Siege Tank x2  
  137  10:05  Marine x2, Marauder  
  150  10:09  Medivac x2  
  150  10:10  Marauder  
  150  10:13  Supply Depot  
  156  10:25  Refinery  
  156  10:27  Terran Vehicle Weapons Level 2, Refinery  
  156  10:30  Supply Depot  
  156  10:36  Medivac  
  156  10:37  Marine x2, Supply Depot  
  156  10:38  Marauder x2  
  156  10:39  Medivac  
  156  10:41  Barracks Reactor  
  166  10:55  Marine  
  167  11:09  Factory Tech Lab  
  166  11:14  Concussive Shells  
  157  11:25  Marine x2, Marauder x2  
  152  11:32  Marine x2  
  139  11:38  Siege Tank x2  
  131  11:42  Marine  
  131  11:43  Marine  
  131  11:47  Marauder x2  
  135  11:50  Marine x2  
  135  11:57  Barracks Tech Lab  
  135  12:00  Marine x2  
  134  12:07  Medivac  
  134  12:08  Viking x2, Marine x2, Marauder x2  
  140  12:10  Siege Tank x2  
  140  12:15  Marine  
  149  12:18  Marine x2  
  152  12:26  Marine x2  
  152  12:29  Marauder  
  158  12:30  Marauder  
  158  12:33  Marauder  
  158  12:36  Marine x2  
  160  12:42  Siege Tank  
  160  12:43  Marine  
  160  12:44  Marine  
  160  12:51  Marauder x2  
  158  12:54  Marine x2  
  158  12:55  Marauder  
  160  13:01  Marine x2  
  159  13:12  Marine x2, Marauder x2  
  164  13:16  Marine  
  164  13:19  Marine x2  
  157  13:29  Marine x2  
  157  13:33  Marauder  
  157  13:34  Marine, Marauder  
  164  13:35  Siege Tank x2  
  164  13:37  Marine x2  
  172  13:47  Marine x2  
  174  13:52  Marauder  
  174  13:55  Marine, Marauder x2  
  180  14:07  Siege Tank x2  
  144  14:31  Marine x2  
  144  14:32  Marine x2, Marauder x3  
  146  14:39  Siege Tank x2  
  146  14:49  Marine x3  
  146  14:50  Marine  
  147  14:53  Marauder x2  
  147  14:54  Marauder  
  143  15:07  Marine x2  
  143  15:11  Siege Tank x2  
  111  15:42  Command Center  
  111  15:43  Siege Tank x2  
  114  16:15  Siege Tank x2  
  97  16:41  Marine x2, Marauder  
  97  16:43  Marine x2, Marauder  
  97  16:44  Marauder  
  106  16:47  Siege Tank x2  
  112  16:58  Marine  
  111  17:19  Siege Tank x2  
  112  17:44  Marine x6  
  101  17:45  Marine  
  106  17:51  Siege Tank  
  106  17:52  Siege Tank  
  106  17:54  Command Center  
  112  18:02  Marine x5  
  117  18:18  Marine x2  
  119  18:23  Siege Tank  
  119  18:24  Siege Tank  
  125  18:39  Refinery  
  125  18:55  Siege Tank  
  125  18:56  Siege Tank  
  131  19:08  Refinery  
  128  19:23  Marine x3  
  128  19:24  Marine x2  
Show
View Real Time Build Order
Export as new Build Order

Metasapien Zerg 

Build Orders: Pool First, Lurkers 

Get SALT Encoding   

  12  0:01  Drone  
  13  0:12  Drone  
  14  0:20  Extractor  
  13  0:22  Extractor, Drone  
  13  0:23  Drone  
  16  0:40  Spawning Pool  
  15  0:44  Overlord  
  15  0:58  Extractor  
  15  1:03  Drone x3  
  17  1:16  Drone  
  18  1:27  Drone  
  18  1:29  Queen  
  21  1:36  Overlord  
  21  1:47  Zergling x2  
  22  1:54  Extractor  
  21  2:02  Zergling x2  
  22  2:12  Zergling x2  
  22  2:14  Metabolic Boost  
  23  2:19  Zergling x2  
  25  2:30  Drone  
  25  2:43  Drone  
  25  2:44  Drone x3  
  29  2:49  Lair  
  29  2:55  Overlord  
  29  3:13  Spine Crawler  
  29  3:15  Drone  
  29  3:18  Spine Crawler  
  28  3:25  Hatchery  
  27  3:36  Drone x3  
  30  3:43  Overlord  
  30  3:47  Overseer  
  30  4:11  Spire  
  29  4:20  Drone  
  29  4:21  Drone x2  
  29  4:23  Hatchery  
  31  4:32  Queen  
  33  4:39  Drone  
  34  4:51  Drone x3  
  34  4:52  Drone x2  
  39  5:01  Extractor  
  39  5:02  Drone  
  39  5:03  Extractor, Drone  
  39  5:06  Drone  
  40  5:17  Drone x2  
  42  5:26  Queen  
  42  5:28  Overlord  
  44  5:29  Overlord  
  44  5:33  Drone x2  
  44  5:34  Drone  
  47  5:41  Drone  
  47  5:42  Drone  
  49  5:50  Queen  
  51  6:01  Drone  
  51  6:02  Drone  
  53  6:14  Drone x3  
  53  6:15  Overlord  
  53  6:16  Overlord  
  56  6:19  Corruptor  
  56  6:20  Mutalisk x2, Corruptor x2  
  66  6:40  Drone x2  
  66  6:41  Drone  
  66  6:42  Drone x2  
  66  6:45  Drone  
  66  6:46  Drone x4  
  76  6:47  Overlord x2  
  76  6:48  Overlord x2  
  76  6:55  Extractor  
  76  6:57  Extractor, Drone  
  75  7:07  Hatchery  
  74  7:19  Hydralisk Den  
  74  7:22  Evolution Chamber  
  72  7:27  Infestation Pit  
  71  7:34  Evolution Chamber  
  70  7:48  Drone x2  
  70  7:49  Drone x3  
  75  7:54  Drone  
  75  7:58  Hydralisk x2  
  78  8:01  Hydralisk x2  
  78  8:02  Hydralisk, Corruptor x3  
  78  8:03  Hydralisk x3  
  98  8:06  Zerg Missile Weapons Level 1  
  98  8:07  Zerg Ground Armor Level 1  
  98  8:09  Zerg Flyer Weapons Level 1  
  98  8:10  Muscular Augments  
  98  8:21  Drone x2  
  98  8:22  Drone  
  101  8:28  Queen  
  103  8:41  Corruptor  
  103  8:42  Hydralisk x3  
  103  8:43  Hydralisk x5  
  121  8:53  Hive  
  121  8:59  Drone  
  122  9:08  Extractor  
  122  9:09  Drone x4  
  125  9:11  Extractor, Drone x2  
  126  9:33  Nydus Network  
  126  9:38  Hydralisk  
  123  9:57  Overlord x3  
  123  9:58  Overlord x2  
  123  10:05  Zerg Missile Weapons Level 2  
  123  10:06  Zerg Ground Armor Level 2  
  123  10:08  Lurker Den  
  123  10:11  Zerg Flyer Armor Level 1  
  123  10:14  Pneumatized Carapace, Lair  
  123  10:17  Hydralisk x5  
  123  10:18  Hydralisk x6  
  123  10:19  Corruptor x3  
  151  10:23  Overlord  
  151  10:24  Overlord x3  
  151  10:25  Overlord x2  
  151  10:39  Drone x2  
  153  10:49  Burrow  
  153  11:10  Hydralisk  
  155  11:11  Hydralisk x15  
  155  11:12  Hydralisk x3  
  191  11:25  Nydus Canal  
  135  11:41  Hatchery  
  126  11:49  Hydralisk x6  
  126  11:50  Hydralisk x8  
  154  12:23  Zerg Missile Weapons Level 3, Zerg Ground Armor Level 3  
  155  12:48  Nydus Canal  
  155  13:11  Hydralisk x3  
  155  13:12  Hydralisk x13  
  163  13:13  Hydralisk x6  
  199  13:32  Overseer  
  199  13:36  Lurker  
  200  13:47  Lurker  
  200  13:48  Lurker x3  
  198  14:06  Drone x2  
  161  14:58  Hydralisk  
  161  14:59  Hydralisk x18, Drone x2  
  172  15:15  Hatchery  
  128  15:38  Nydus Canal  
  110  16:20  Extractor  
  110  16:23  Extractor  
  108  16:32  Hydralisk  
  108  16:33  Hydralisk x11  
  132  16:41  Drone  
  132  16:42  Drone  
  134  17:05  Hydralisk  
  134  17:06  Hydralisk x7  
  134  17:07  Hydralisk x3  
  154  17:30  Nydus Canal  
  126  17:56  Overlord  
  126  17:57  Hydralisk x11  
  126  17:58  Hydralisk x4  
  134  18:15  Nydus Canal  
  107  18:41  Unknown  
  107  18:42  Unknown  
  97  18:59  Hydralisk  
  97  19:00  Hydralisk x10  
Show
View Real Time Build Order
Export as new Build Order

Kaleraideth Protoss 

Build Orders:  

Get SALT Encoding   

  12  0:01  Probe (Chrono Boost)  
  13  0:11  Probe (Chrono Boost)  
  14  0:20  Pylon  
  14  0:25  Probe (Chrono Boost)  
  15  0:40  Gateway  
  15  0:41  Probe (Chrono Boost)  
  16  0:46  Assimilator  
  16  0:51  Pylon  
  16  0:56  Probe (Chrono Boost)  
  17  1:08  Forge  
  17  1:14  Probe (Chrono Boost)  
  18  1:24  Probe (Chrono Boost)  
  19  1:27  Zealot  
  21  1:40  Cybernetics Core  
  21  1:46  Photon Cannon  
  21  1:50  Pylon  
  21  1:57  Zealot (Chrono Boost)  
  23  2:09  Probe  
  23  2:12  Assimilator  
  24  2:17  Warp Gate (Chrono Boost)  
  24  2:21  Mothership Core  
  26  2:45  Photon Cannon  
  26  2:49  Stalker (Chrono Boost)  
  28  2:55  Gateway  
  28  3:29  Nexus  
  28  3:34  Pylon  
  28  3:38  Stalker (Chrono Boost)  
  30  3:45  Stalker  
  32  3:49  Probe  
  33  4:01  Probe  
  34  4:26  Protoss Ground Weapons Level 1 (Chrono Boost)  
  34  4:28  Stalker  
  36  4:39  Stalker  
  36  4:41  Probe  
  36  4:42  Probe  
  40  4:51  Probe  
  40  4:54  Probe  
  42  5:02  Probe  
  42  5:06  Probe  
  44  5:08  Twilight Council  
  44  5:11  Sentry  
  44  5:12  Probe  
  44  5:13  Sentry  
  49  5:18  Probe  
  50  5:23  Probe  
  51  5:30  Probe  
  51  5:34  Assimilator  
  52  5:36  Probe  
  52  5:40  Assimilator  
  53  5:43  Probe  
  53  5:44  Photon Cannon  
  53  5:46  Pylon  
  54  5:50  Stalker  
  54  5:54  Stalker  
  58  6:01  Blink (Chrono Boost)  
  58  6:05  Protoss Ground Armor Level 1  
  58  6:09  Gateway  
  58  6:14  Gateway  
  58  6:28  Gateway  
  58  6:33  Probe  
  58  6:38  Probe  
  60  6:44  Forge  
  60  6:45  Sentry, Probe  
  63  6:47  Zealot  
  63  6:50  Probe  
  66  7:02  Probe x2  
  66  7:05  Pylon  
  68  7:08  Pylon  
  68  7:18  Robotics Facility, Stalker  
  70  7:24  Protoss Ground Weapons Level 2 (Chrono Boost)  
  70  7:30  Pylon  
  70  7:42  Stalker x2  
  70  7:44  Stalker  
  76  7:47  Zealot  
  78  7:54  Stalker  
  80  8:08  Protoss Ground Armor Level 2 (Chrono Boost), Nexus  
  80  8:18  Charge (Chrono Boost)  
  80  8:22  Observer  
  81  8:30  Pylon  
  81  8:33  Pylon  
  81  8:42  Stalker x2  
  81  8:43  Stalker  
  81  8:44  Observer  
  88  8:59  Stalker x2  
  92  9:05  Probe x2  
  94  9:19  Immortal  
  98  9:25  Gateway  
  98  9:26  Gateway  
  98  9:28  Gateway  
  98  9:40  Protoss Ground Weapons Level 3 (Chrono Boost)  
  98  9:41  Probe  
  98  9:42  Probe x2  
  101  9:54  Probe  
  101  9:59  Stalker x3  
  108  10:12  Zealot x2  
  112  10:18  Immortal  
  116  10:23  Protoss Ground Armor Level 3 (Chrono Boost)  
  116  10:39  Probe x2  
  116  10:41  Assimilator  
  118  10:44  Assimilator  
  118  10:51  Stalker  
  118  10:52  Stalker x2  
  118  10:56  Pylon  
  124  10:57  Pylon, Observer  
  124  10:58  Pylon  
  124  11:01  Pylon  
  113  11:19  Observer  
  51  11:43  Stalker x2  
  51  11:44  Stalker x2  
  51  11:45  Stalker  
  61  11:48  Probe  
  61  11:49  Probe x2  
  64  11:57  Stalker x2  
  64  11:58  Stalker  
  64  12:01  Probe  
  71  12:11  Stalker x3  
  71  12:12  Stalker x2  
  78  12:44  Zealot x3  
  78  12:45  Zealot x2  
  78  12:46  Zealot x2  
  78  12:47  Zealot  
  56  13:23  Stalker x4  
  56  13:24  Stalker x4  
  68  13:58  Stalker  
  68  13:59  Stalker x4  
  68  14:00  Stalker x2  
  68  14:01  Stalker  
  84  14:06  Protoss Shields Level 1 (Chrono Boost)  
  60  14:41  Stalker x2  
  60  14:42  Stalker x4  
  60  14:43  Stalker x2  
  72  14:46  Immortal (Chrono Boost)  
  74  15:18  Zealot, Stalker x2  
  74  15:19  Zealot x3  
  74  15:20  Zealot  
  74  15:21  Immortal (Chrono Boost), Zealot  
  92  16:09  Stalker  
  92  16:10  Stalker x4  
  102  16:12  Stalker x2  
  102  16:13  Stalker  
  60  17:29  Stalker  
  60  17:30  Stalker x4  
  60  17:31  Stalker x2  
  60  17:32  Stalker  
  60  17:35  Immortal (Chrono Boost)  
  78  17:37  Robotics Facility  
  70  17:59  Stalker x2  
  70  18:00  Stalker  
  70  18:01  Zealot x3  
  70  18:02  Zealot  
  70  18:03  Zealot  
  86  18:09  Immortal (Chrono Boost)  
  80  18:43  Observer (Chrono Boost)  
  22  19:29  Stalker x2  
  22  19:30  Stalker  
Show
View Real Time Build Order
Export as new Build Order

TossedSalad Protoss 

Build Orders: Colossus Rush 

Get SALT Encoding   

  12  0:01  Probe (Chrono Boost)  
  13  0:16  Probe (Chrono Boost)  
  13  0:20  Pylon  
  14  0:27  Probe (Chrono Boost)  
  15  0:39  Probe (Chrono Boost)  
  16  0:43  Gateway  
  17  0:50  Probe (Chrono Boost)  
  17  1:00  Probe (Chrono Boost)  
  18  1:11  Probe (Chrono Boost)  
  19  1:21  Probe (Chrono Boost)  
  19  1:24  Assimilator  
  20  1:32  Probe (Chrono Boost)  
  21  1:42  Probe (Chrono Boost)  
  22  1:52  Cybernetics Core  
  22  1:53  Probe (Chrono Boost)  
  23  2:10  Nexus  
  23  2:20  Pylon  
  23  2:24  Assimilator  
  23  2:29  Warp Gate (Chrono Boost)  
  23  2:30  Gateway  
  23  2:36  Pylon  
  23  2:38  Probe  
  24  2:50  Probe  
  25  3:03  Stalker  
  27  3:10  Probe  
  28  3:13  Robotics Facility  
  28  3:17  Pylon  
  28  3:18  Stalker  
  30  3:25  Probe x2  
  32  3:35  Stalker, Probe  
  32  3:37  Probe  
  36  3:42  Gateway  
  36  3:51  Probe  
  36  3:52  Probe  
  38  4:07  Robotics Bay, Probe  
  38  4:08  Probe  
  40  4:10  Assimilator  
  40  4:15  Assimilator  
  40  4:17  Probe  
  40  4:20  Probe  
  40  4:23  Pylon  
  42  4:28  Probe  
  43  4:32  Pylon  
  43  4:33  Mothership Core  
  43  4:35  Observer  
  46  4:41  Probe  
  47  4:46  Zealot x2  
  47  4:48  Stalker  
  53  4:53  Probe  
  53  4:54  Probe  
  55  5:03  Probe  
  55  5:06  Probe  
  57  5:12  Colossus (Chrono Boost)  
  57  5:14  Probe  
  63  5:18  Probe  
  63  5:21  Robotics Facility  
  65  5:24  Pylon, Probe  
  66  5:30  Probe  
  66  5:35  Probe  
  68  5:44  Nexus  
  68  5:56  Pylon  
  68  6:07  Observer (Chrono Boost)  
  68  6:08  Forge  
  68  6:10  Forge  
  68  6:11  Probe  
  69  6:12  Forge, Probe  
  77  6:19  Colossus (Chrono Boost)  
  77  6:21  Probe  
  77  6:24  Probe  
  77  6:25  Stalker  
  81  6:26  Stalker  
  81  6:32  Pylon  
  83  6:35  Pylon  
  83  6:39  Probe  
  83  6:40  Probe, Protoss Ground Armor Level 1 (Chrono Boost)  
  83  6:43  Protoss Ground Weapons Level 1 (Chrono Boost)  
  85  6:57  Gateway  
  85  6:59  Gateway  
  85  7:02  Pylon  
  85  7:05  Pylon, Probe  
  85  7:07  Probe x2  
  87  7:10  Protoss Shields Level 1 (Chrono Boost)  
  87  7:14  Assimilator  
  88  7:16  Assimilator  
  88  7:17  Probe  
  89  7:36  Pylon  
  89  7:39  Extended Thermal Lance (Chrono Boost)  
  89  7:41  Colossus (Chrono Boost), Pylon  
  89  7:42  Colossus (Chrono Boost)  
  101  7:58  Gateway  
  101  8:00  Gateway  
  101  8:01  Gateway  
  101  8:06  Pylon  
  101  8:11  Pylon  
  101  8:17  Twilight Council  
  101  8:36  Colossus (Chrono Boost)  
  101  8:38  Colossus (Chrono Boost)  
  101  8:39  Protoss Ground Armor Level 2, Protoss Ground Weapons Level 2  
  101  8:40  Zealot x5  
  123  8:43  Protoss Shields Level 2  
  123  9:17  Charge (Chrono Boost)  
  123  9:18  Pylon  
  123  9:19  Pylon  
  123  9:21  Pylon  
  123  9:23  Pylon  
  123  9:25  Pylon  
  123  9:26  Pylon  
  123  9:27  Nexus  
  123  9:28  Pylon  
  123  9:29  Assimilator  
  123  9:33  Assimilator  
  123  9:36  Pylon  
  123  9:38  Stalker x2  
  123  9:39  Stalker x6  
  123  9:40  Pylon  
  139  9:53  Dark Shrine  
  139  10:07  Stalker  
  139  10:08  Zealot, Stalker x3  
  139  10:09  Zealot x3  
  155  10:42  Zealot x3  
  157  10:43  Zealot x5, Protoss Ground Armor Level 3  
  157  10:45  Protoss Ground Weapons Level 3  
  171  11:02  Blink (Chrono Boost)  
  109  11:48  Zealot x3  
  109  11:49  Zealot x5  
  75  12:15  Colossus x2 (Chrono Boost)  
  87  12:16  Zealot  
  87  12:17  Zealot x7  
  102  12:40  Robotics Facility  
  102  12:41  Robotics Facility  
  69  13:05  Colossus x2 (Chrono Boost)  
  81  13:26  Stalker x3  
  87  13:27  Stalker  
  87  13:28  Stalker  
  87  13:29  Stalker x2  
  87  13:30  Stalker  
  95  13:54  Stalker  
  95  13:55  Stalker x6  
  103  13:56  Stalker  
  109  14:07  Colossus x2 (Chrono Boost)  
  121  14:12  Nexus  
  92  14:49  Zealot x4  
  92  14:50  Zealot x4  
  99  15:17  Zealot x4  
  99  15:18  Zealot x4  
  107  15:35  Observer x2 (Chrono Boost)  
  69  16:07  Probe x2  
  69  16:08  Probe x2  
  73  16:15  Stalker x4  
  73  16:16  Stalker x3  
  85  16:35  Pylon  
  85  16:53  Observer x2 (Chrono Boost)  
  87  16:55  Zealot x5  
  87  16:56  Zealot x3  
  103  17:12  Colossus x2 (Chrono Boost)  
  66  17:46  Stargate  
  66  17:52  Stargate  
  78  17:58  Colossus x2 (Chrono Boost)  
  27  18:37  Stalker x2  
  27  18:38  Stalker x3  
  11  19:38  Stalker  
  11  19:39  Stalker x2  
  11  19:40  Stalker x3  
Tags
 
Add a new tag
Caveats
  • Supply blocks, unpowered buildings, or Contaminate may cause inaccurate times.
  • Supply counts are checked every 10 seconds.